 Dungeon Crawl Stone Soup version 0.17-a0-1-g1f4be75 (console) character file.

74 MarvinPA the Grave Robber (level 4, 0/30 HPs)
             Began as a Mummy Necromancer on Mar 3, 2015.
             Slain by a worm (11 damage)
             ... on level 2 of the Dungeon.
             The game lasted 00:02:45 (1978 turns).

MarvinPA the Grave Robber (Mummy Necromancer)       Turns: 1978, Time: 00:02:45

Health: 0/30       AC:  2    Str: 11    XL:     4   Next: 10%
Magic:  0/9        EV: 12    Int: 15    God:
Gold:   108        SH:  0    Dex: 12    Spells: 2 memorised, 5 levels left

rFire  x . .     SeeInvis .     a - +2 short sword (venom)
rCold  + . .     Clarity  .     e - +0 robe
rNeg   + + +     SustAb   .     (no shield)
rPois  ∞         Gourm    .     (no helmet)
rElec  .         Spirit   .     (no cloak)
rCorr  .         Warding  .     (no gloves)
rMut   .         Stasis   .     (no boots)
MR     .....                    (no amulet)
Stlth  ++........               (no ring)
                                (no ring)

@: not resistant to hostile enchantments, unstealthy
A: no food or potions, fire vulnerability, restore body, cold resistance 1,
negative energy resistance 3, poison resistance, torment resistance, unbreathing
a: no special abilities


You were on level 2 of the Dungeon.
You were not hungry.

You visited 1 branch of the dungeon, and saw 2 of its levels.

You collected 108 gold pieces.


Innate Abilities, Weirdness & Mutations

You do not eat or drink.
Your flesh is vulnerable to fire.
Your flesh is cold resistant.
You are immune to negative energy.
Your system is resistant to poisons.
You are immune to unholy pain and torment.
You can survive without breathing.


   Skills:
 - Level 1.5 Dodging
 - Level 1.5 Stealth
 + Level 3.2 Spellcasting
 + Level 4.8 Necromancy


You had 5 spell levels left.
You knew the following spells:

 Your Spells              Type           Power        Failure   Level  Hunger
x - Vampiric Draining     Necr           ###.......   10%         3    N/A
z - Pain                  Necr           ###.         2%          1    N/A

Inventory:

Hand weapons
 a - a +2 short sword of venom (weapon)
Armour
 e - a +0 robe (worn)
Jewellery
 i - an amulet of faith {!P}
Scrolls
 c - a scroll of enchant weapon {unknown}
 d - 3 scrolls of identify {unknown}
 f - 2 scrolls of amnesia {unknown}
 g - a scroll of fear {unknown}
 j - a scroll of fog {unknown}
 k - a scroll of teleportation {unknown}
Books
 b - a book of Necromancy
 h - a book of the Dragon

Dungeon Overview and Level Annotations

Branches:
Dungeon (2/15)

Altars:

#########....#
#............#
#............#
#...†........#
#......!.....#
#............#
#............# .
####.........####.(...
..#####.......##M).......
...††.'.......++.w.......
#..####.......##......##
#.......##......#
##+####.......#########
.....##.††....#
.....##.####### .....##.#
.....##.#


You could see a worm.


Message History

Unknown command.
Aiming: Pain
Aim: Terence, wielding a flail of draining and wearing a scale mail (heavily wounded, chance 81%) Terence convulses in agony!
Unknown command.
Aiming: Pain
Aim: Terence, wielding a flail of draining and wearing a scale mail (heavily wounded, chance 81%) Terence convulses in agony!
Terence hits you but does no damage.
Unknown command.
Aiming: Pain
Aim: Terence, wielding a flail of draining and wearing a scale mail (severely wounded, chance 81%) Terence convulses in agony!
Terence barely misses you.
Unknown command.
Aiming: Pain
Aim: Terence, wielding a flail of draining and wearing a scale mail (almost dead, chance 81%) Terence barely resists.
Terence closely misses you.
Unknown command.
Aiming: Pain
Aim: Terence, wielding a flail of draining and wearing a scale mail (almost dead, chance 81%) Terence barely resists.
Terence hits you with a flail of draining!
* * * LOW HITPOINT WARNING * * *
Unknown command.
Aiming: Pain
Aim: Terence, wielding a flail of draining and wearing a scale mail (almost dead, chance 81%) Terence convulses in agony!
You kill Terence!
You have reached level 4!
The worm bites you!
You die...

Action                   |  1- 3 |  4- 6 || total
-------------------------+-------+-------++-------
Melee: Unarmed           |    22 |       ||    22
       Short sword       |     1 |       ||     1
 Cast: Pain              |    63 |     1 ||    64

Vault maps used:
D:1:      dpeg_arrival_simpleton_b
D:2:      uniq_terence

Notes
Turn   | Place    | Note
--------------------------------------------------------------
     0 | D:1      | MarvinPA, the Mummy Necromancer, began the quest for the Orb.
     0 | D:1      | Reached XP level 1. HP: 13/13 MP: 3/3
   575 | D:1      | Reached XP level 2. HP: 19/19 MP: 1/5
  1391 | D:1      | Reached XP level 3. HP: 21/24 MP: 3/6
  1422 | D:1      | Learned a level 3 spell: Vampiric Draining
  1662 | D:2      | Reached skill level 3 in Spellcasting
  1969 | D:2      | Noticed Terence
  1978 | D:2      | Killed Terence
  1978 | D:2      | Reached XP level 4. HP: 11/30 MP: 0/9
  1978 | D:2      | Slain by a worm

Vanquished Creatures
  Terence (D:2)
  2 adders (D:2)
  A gnoll (D:1)
  2 giant cockroaches (D:2)
  4 hobgoblins
  7 kobolds
  5 bats
  2 giant newts (D:1)
  6 goblins
  A quokka (D:2)
  5 rats
36 creatures vanquished.
